 Dungeon Crawl Stone Soup version 0.21.1-1-g345015fe64 (webtiles) character file.

908 Gargoyl the Skirmisher (level 7, 0/61 HPs)
             Began as a Centaur Abyssal Knight on Feb 23, 2018.
             Was a Priest of Lugonu.
             Slain by a sky beast (6 damage)
             ... on level 5 of the Dungeon.
             The game lasted 00:08:48 (5863 turns).

Gargoyl the Skirmisher (Centaur Abyssal Knight)     Turns: 5863, Time: 00:08:48

Health: 0/61       AC:  9    Str: 14    XL:     7   Next: 81%
Magic:  9/9        EV:  2    Int: 11    God:    Lugonu [***...]
Gold:   385        SH:  0    Dex: 11    Spells: 6/6 levels left

rFire    . . .     SeeInvis .   a - +1 hand axe
rCold    . . .     Gourm    .   (no shield)
rNeg     + . .     Faith    .   d - +0 plate armour
rPois    .         Spirit   .   (no helmet)
rElec    .         Reflect  .   (no cloak)
rCorr    .         Harm     .   (no gloves)
MR       .....                  (no barding)
Stlth    ..........             n - amulet of regeneration
HPRegen  0.60/turn              g - ring of positive energy
MPRegen  0.11/turn              (no ring)

@: very quick
A: large, hooves 3, deformed body, speed 2, tough skin 3
a: Depart the Abyss, Bend Space, Banish, Renounce Religion


You were on level 5 of the Dungeon.
You worshipped Lugonu.
Lugonu was most pleased with you.
You were not hungry.

You visited 1 branch of the dungeon, and saw 6 of its levels.
You visited the Abyss 1 time.

You collected 385 gold pieces.

Inventory:

Hand Weapons
 a - a +1 hand axe (weapon)
Armour
 b - a +0 leather armour
 d - a +0 plate armour (worn)
Jewellery
 g - a ring of positive energy (left hand)
 n - an amulet of regeneration (around neck)
Wands
 l - a wand of enslavement (10)
 v - a wand of digging (14)
Scrolls
 f - a scroll of fog
 j - a scroll of teleportation
 m - 2 scrolls of identify
 p - 2 scrolls of blinking
 u - a scroll of fear {unknown}
 x - a scroll of enchant armour {unknown}
Potions
 e - a potion of cancellation
 h - 3 potions of curing
 k - a potion of resistance {unknown}
 q - a potion of lignification {unknown}
Books
 r - a book of Changes

   Spells                             Type                      Level
   a - Beastly Appendage              Transmutation                1
   b - Sticks to Snakes               Transmutation                2
   c - Spider Form                    Transmutation/Poison         3
   d - Ice Form                       Ice/Transmutation            4
   e - Blade Hands                    Transmutation                5
Comestibles
 c - 9 rations


   Skills:
 + Level 5.4 Fighting
 + Level 4.6 Axes
 * Level 4.1 Armour
 + Level 0.7 Dodging
 * Level 3.7 Invocations


You had 6 spell levels left.
You didn't know any spells.

Dungeon Overview and Level Annotations

Branches:
Dungeon (6/15)
 Temple: D:4-7

Altars:
Cheibriados
Okawaru

Shops:
D:5 :


Innate Abilities, Weirdness & Mutations

You have hooves in place of feet.
Armour fits poorly on your strangely shaped body.
You cover ground very quickly.
You have extremely tough skin. (AC +3)


Message History

The sky beast is moderately wounded.
The sky beast hits you.
* * * LOW HITPOINT WARNING * * *
The sky beast shocks you.
* * * LOW HITPOINT WARNING * * *
Your plate armour prevents you from hitting the sky beast.
The sky beast is moderately wounded.
The sky beast hits you but does no damage.
You hit the sky beast. You kick the sky beast.
The sky beast is severely wounded.
The sky beast hits you.
* * * LOW HITPOINT WARNING * * *
The sky beast shocks you.
* * * LOW HITPOINT WARNING * * *
You hit the sky beast.
The sky beast is severely wounded.
The sky beast hits you.
* * * LOW HITPOINT WARNING * * *
The sky beast shocks you.
You die...

######### #......##
#..)....###### #.......#
#.#####.##...# #........
#.#####.##...#######........
#....##.##.....).........###
#.##.##.....(...#####....#
#.##............# #.####
####........>......# #.#
#.......#####.@†#### #.#
#.##......# #Y..# #.#
#.##.##.#.###...##### #.#
#†##....#.#.....#...# #.#
#.##<#..#.#.......# ...######
#.##.#..#.#...#.∩.# .........
#.........#(......# .........
######.####.....#.......##.....
#.# #.......#.$#. #.####


You could see a sky beast.

Vanquished Creatures
  A small abomination (Abyss:2)
  A sky beast (D:5)
  A centaur (D:5)
  A scorpion (D:4)
  A howler monkey (D:5)
  An orc wizard (D:4)
  A jelly (D:5)
  A centaur skeleton (D:4)
  2 hounds
  Jessica (D:3)
  A worker ant (D:4)
  A killer bee zombie (D:5)
  The ghost of ponypharmacist the Ruffian, a weakling TrMo (D:3)
  4 gnolls
  9 adders
  A white imp (Abyss:2)
  An ooze (D:3)
  4 dart slugs
  4 worms
  6 leopard geckos
  5 orcs
  2 giant cockroaches
  13 goblins
  11 hobgoblins
  3 jackals (D:1)
  9 kobolds
  A quokka (D:4)
  3 ball pythons
  11 bats
  13 frilled lizards
  14 rats
128 creatures vanquished.

Notes
Turn   | Place    | Note
-------+----------+-------------------------------------------
     0 | Abyss:1  | Gargoyl the Centaur Abyssal Knight began the quest for the Orb.
     0 | Abyss:1  | Reached XP level 1. HP: 19/19 MP: 2/2
     5 | Abyss:1  | Found a corrupted altar of Lugonu.
   112 | Abyss:2  | Noticed a small abomination
   119 | Abyss:2  | Killed a small abomination
   119 | Abyss:2  | Reached skill level 4 in Fighting
   119 | Abyss:2  | Reached XP level 2. HP: 7/28 MP: 3/3
   119 | Abyss:2  | Reached XP level 3. HP: 9/34 MP: 4/4
   119 | Abyss:2  | Reached XP level 4. HP: 11/41 MP: 5/5
   119 | Abyss:2  | Reached XP level 5. HP: 13/47 MP: 6/6
   120 | Abyss:2  | Noticed a demonic crawler
   132 | Abyss:2  | Noticed a small abomination
   135 | Abyss:2  | Noticed a green draconian annihilator
   157 | Abyss:2  | Noticed a chaos spawn
   209 | Abyss:3  | Noticed a tentacled starspawn
   214 | Abyss:3  | Noticed a large abomination
   226 | Abyss:3  | Noticed a large abomination
   236 | Abyss:3  | Noticed a raiju
   237 | Abyss:3  | Noticed a raiju
   238 | D:1      | Escaped the Abyss
   574 | D:1      | Reached * piety under Lugonu
  1374 | D:2      | Reached ** piety under Lugonu
  2571 | D:3      | Noticed ponypharmacist's ghost (weakling TrMo)
  2680 | D:3      | Killed ponypharmacist's ghost
  2680 | D:3      | Reached XP level 6. HP: 26/55 MP: 8/8
  3070 | D:3      | Noticed Jessica
  3081 | D:3      | Killed Jessica
  3274 | D:3      | Found a snail-covered altar of Cheibriados.
  3403 | D:3      | Reached skill level 5 in Fighting
  3425 | D:3      | Reached *** piety under Lugonu
  3633 | D:3      | Found an iron altar of Okawaru.
  4869 | D:4      | Reached XP level 7. HP: 58/61 MP: 9/9
  5254 | D:5      | Entered Level 5 of the Dungeon
  5702 | D:5      | Found Etio's Book Shoppe.
  5863 | D:5      | Slain by a sky beast

Skill      XL: |  1  2  3  4  5  6  7 |
---------------+----------------------+-----
Fighting       | 4 5 |  5.4
Axes           | 2 3 4 |  4.6
Armour         | 2 3 4 |  4.1
Invocations    | 3 |  3.7
Dodging        | |  0.7

Action                   |  1- 3 |  4- 6 |  7- 9 || total
-------------------------+-------+-------+-------++-------
Melee: Hand axe          |     3 |   320 |   126 ||   449
       Kick              |     1 |    65 |    22 ||    88
Invok: Depart the Abyss  |       |     1 |       ||     1
  Use: Scroll            |     1 |     7 |     3 ||    11
       Potion            |     1 |     2 |     1 ||     4
  Eat: Chunk             |       |     9 |     4 ||    13
Armor: Plate armour      |       |   310 |   129 ||   439
Dodge: Dodged            |     1 |    31 |    15 ||    47
